Sewer Rats vs Staline
Created - 11 mars 2015 at 23:22
Goals
|
| Sewer Rats |
2 |
2 |
1 |
5 |
| Staline |
0 |
2 |
2 |
4 |
|
Shots
|
| Sewer Rats |
15 |
20 |
11 |
46 |
| Staline |
9 |
10 |
18 |
37 |
|
1st period
1. Sewer Rats , John Erskine 8 (Nick Palmieri, Vojtech Polak) at 11:27 (PP)
2. Sewer Rats , Mark Mancari 33 (Mattias Ekholm, Steven Reinprecht) at 15:01
Penalties :
Keith Aulie (StJ) for Boarding (Minor) at 10:50
2nd period
3. Sewer Rats , Vojtech Polak 22 (Nick Palmieri, Matt Lashoff) at 5:45
4. Staline , Andrei Loktionov 45 (Peter Mueller, Torey Krug) at 12:44 (PP)
5. Staline , Mathieu Perreault 7 (Michael Del Zotto, J.T. Wyman) at 14:32
6. Sewer Rats , Vojtech Polak 23 (John-Michael Liles) at 17:57
Penalties :
Mason Raymond (StJ) for Fighting (Major) at 10:06, John Lammers (Tol) for Fighting (Major) at 10:06, Vojtech Polak (Tol) for Cross-checking (Minor) at 11:59, Michael Del Zotto (StJ) for Hooking (Minor) at 15:38
3rd period
7. Sewer Rats , Nick Palmieri 33 (Brandon Sutter, Vojtech Polak) at 1:58
8. Staline , Devin Setoguchi 46 (Pierre-Luc Létourneau, Andrei Loktionov) at 6:47
9. Staline , Pierre-Luc Létourneau 18 (Andrei Loktionov, Tyler Cuma) at 19:57
Penalties :
No Penalty
Goalie Stats
Semyon Varlamov (Tol), 33 saves from 37 shots - (0,892), W, 26-12-3, 60:00 minutes
Tobias Stephan (StJ), 41 saves from 46 shots - (0,891), L, 39-14-4, 60:00 minutes
Players Stats for Sewer Rats
Player Name G A P +/- PIM S H SB GA TA FO MP PP MP PK MP
------------------------------------------------------------------------------------
Brandon Sutter 0 1 1 1 0 2 1 0 0 0 8/15 14:40 1:19 0:00
Chad Denny 0 0 0 1 0 0 0 0 0 0 0/0 5:54 0:00 0:00
Derek Dorsett 0 0 0 0 0 1 2 0 0 0 0/2 11:26 0:00 0:00
John Erskine 1 0 1 0 0 1 0 1 1 2 0/0 25:52 1:21 0:33
John Lammers 0 0 0 -1 5 3 0 1 1 0 0/1 10:52 0:00 0:00
John-Michael Liles 0 1 1 0 0 0 2 0 2 4 0/0 25:52 1:21 0:33
Jordan Caron 0 0 0 -1 0 2 0 0 0 0 0/0 9:54 0:00 0:00
Kyle Quincey 0 0 0 0 0 0 1 2 0 0 0/0 16:53 1:15 0:12
Kyle Turris 0 0 0 0 0 1 0 1 0 0 6/10 11:26 0:00 0:00
Lars Eller 0 0 0 0 0 2 1 1 0 0 0/1 9:31 0:00 0:00
Mark Mancari 1 0 1 0 0 6 0 0 0 0 0/1 23:38 1:17 0:00
Matt Lashoff 0 1 1 0 0 2 1 1 0 0 0/0 16:53 1:15 0:12
Mattias Ekholm 0 1 1 1 0 0 0 0 0 0 0/0 5:54 0:00 0:00
Mike Funk 0 0 0 0 0 2 0 0 0 1 0/0 11:21 0:00 0:00
Nick Palmieri 1 2 3 2 0 5 1 1 1 1 0/0 14:17 1:19 0:00
Patrick Bordeleau 0 0 0 0 0 1 2 0 0 0 0/0 9:31 0:00 0:00
Steven Kampfer 0 0 0 0 0 1 0 0 1 0 0/0 11:21 0:00 0:00
Steven Reinprecht 0 1 1 0 0 11 4 0 2 0 20/36 24:23 1:17 0:45
Ville Leino 0 0 0 0 0 3 4 2 2 1 3/3 25:19 1:17 0:45
Vojtech Polak 2 2 4 2 2 3 3 0 1 0 1/1 14:16 1:19 0:00
Players Stats for Staline
Player Name G A P +/- PIM S H SB GA TA FO MP PP MP PK MP
------------------------------------------------------------------------------------
Aaron Ness 0 0 0 0 0 0 0 0 0 0 0/0 0:00 0:00 0:00
Andrei Loktionov 1 2 3 1 0 6 2 1 0 1 10/25 22:54 0:29 1:57
Cam Janssen 0 0 0 -1 0 3 0 0 0 0 0/1 14:30 0:16 0:00
Cody Eakin 0 0 0 -1 0 0 0 0 0 0 1/1 7:25 0:00 0:00
Danny Kristo 0 0 0 0 0 0 0 0 0 0 0/0 0:00 0:00 0:00
David Kolomatis 0 0 0 0 0 0 0 0 0 0 0/0 0:00 0:00 0:00
Devin Setoguchi 1 0 1 2 0 3 0 0 1 2 0/1 20:37 0:29 0:00
J.T. Wyman 0 1 1 0 0 3 1 1 1 0 0/0 16:03 0:16 0:00
James Sheppard 0 0 0 -1 0 0 0 2 0 0 0/0 7:25 0:00 0:00
Jamie McGinn 0 0 0 0 0 0 0 0 0 0 0/0 0:00 0:00 0:00
Jared Boll 0 0 0 -1 0 0 0 0 0 0 0/0 7:25 0:00 0:00
Keith Aulie 0 0 0 -1 2 3 0 5 1 0 0/0 27:02 0:00 1:12
Mason Raymond 0 0 0 -1 5 1 0 0 0 0 0/1 13:37 0:00 0:39
Mathieu Perreault 1 0 1 0 0 2 1 0 0 0 5/7 14:56 0:00 0:24
Michael Del Zotto 0 1 1 0 2 1 0 1 0 0 0/0 15:34 0:45 0:00
Nick Spaling 0 0 0 0 0 1 0 1 2 0 0/1 14:47 0:00 0:15
Peter Holland 0 0 0 0 0 0 0 0 0 0 0/0 0:00 0:00 0:00
Peter Mueller 0 1 1 -1 0 5 1 1 1 0 13/27 14:30 0:16 0:00
Pierre-Luc Létourneau 1 1 2 1 0 4 7 0 2 1 3/6 22:54 0:29 1:57
Stu Bickel 0 0 0 -1 0 0 1 3 1 2 0/0 27:40 0:00 1:49
Theo Peckham 0 0 0 -1 0 0 1 2 0 2 0/0 17:05 0:00 0:47
Torey Krug 0 1 1 1 0 2 1 2 0 2 0/0 15:52 0:45 0:37
Tyler Cuma 0 1 1 -1 0 3 0 1 0 1 0/0 17:05 0:00 0:47
3 Stars
1 - Vojtech Polak (Tol)
2 - Nick Palmieri (Tol)
3 - Pierre-Luc Létourneau (StJ)
Power Play
Sewer Rats - 1 on 2 Attempt(s) - 50,00%
Staline - 1 on 1 Attempt(s) - 100,00%
Penalty Kill
Sewer Rats - 0 on 1 Attempt(s) - 0,00%
- Score 0 goal in Penalty Kill
Staline - 1 on 2 Attempt(s) - 50,00%
- Score 0 goal in Penalty Kill
Team Stat
Sewer Rats - Hits : 22 - Faceoff Wins : 38 - Blocked Shots : 10 - Penalty Minutes : 7
Staline - Hits : 15 - Faceoff Wins : 32 - Blocked Shots : 20 - Penalty Minutes : 9
Official
Referees : Kowal Tom and Sutherland Kelly
Linesman : Andy McElman and Thor Nelson
Game Notes
Mason Raymond and John Lammers fight to a draw at 10:06 of 2nd period
Finance
Level 1 -- Attendance: 1606 (80,30%) -- Ticket Income 56 210 $
Level 2 -- Attendance: 761 (76,10%) -- Ticket Income 11 415 $
Total Attendance: 2367 (78,90%)
Total Ticket Income: 67 625 $
Other Income: 3 381 $
Total Income: 71 006 $
Sewer Rats
5 vs 5 Forward
Center Left Wing Right Wing Time % Phy DF OF
1 Steven Reinprecht Ville Leino Mark Mancari 40 1 2 2
2 Brandon Sutter Vojtech Polak Nick Palmieri 30 1 2 2
3 Kyle Turris John Lammers Derek Dorsett 20 1 2 2
4 Lars Eller Patrick Bordeleau Jordan Caron 10 1 2 2
5 vs 5 Defense
Defense Defense Time % Phy DF OF
1 John-Michael Liles John Erskine 40 1 2 2
2 Matt Lashoff Kyle Quincey 30 1 2 2
3 Steven Kampfer Mike Funk 20 1 2 2
4 Mattias Ekholm Chad Denny 10 1 2 2
PowerPlay Forward
Center Left Wing Right Wing Time % Phy DF OF
1 Steven Reinprecht Ville Leino Mark Mancari 60 1 2 2
2 Brandon Sutter Vojtech Polak Nick Palmieri 40 1 2 2
PowerPlay Defense
Defense Defense Time % Phy DF OF
1 John-Michael Liles John Erskine 60 1 2 2
2 Matt Lashoff Kyle Quincey 40 1 2 2
Penalty Kill 4 Players Forward
Center Wing Time % Phy DF OF
1 Steven Reinprecht Ville Leino 60 1 2 2
2 Mark Mancari Vojtech Polak 40 1 2 2
Penalty Kill 4 Players Defense
Defense Defense Time % Phy DF OF
1 John-Michael Liles John Erskine 60 1 2 2
2 Matt Lashoff Kyle Quincey 40 1 2 2
Penalty Kill - 3 Players Forward
Forward Time % Phy DF OF
1 Steven Reinprecht 60 1 2 2
2 Ville Leino 40 1 2 2
Penalty Kill - 3 Players Defense
Defense Defense Time % Phy DF OF
1 John-Michael Liles John Erskine 60 1 2 2
2 Matt Lashoff Kyle Quincey 40 1 2 2
4 vs 4 Forward
Center Wing Time % Phy DF OF
1 Steven Reinprecht Ville Leino 60 1 2 2
2 Mark Mancari Vojtech Polak 40 1 2 2
4 vs 4 Defense
Defense Defense Time % Phy DF OF
1 John-Michael Liles John Erskine 60 1 2 2
2 Matt Lashoff Kyle Quincey 40 1 2 2
Last Minutes Offensive
Center Left Wing Right Wing Defense Defense
Steven Reinprecht Ville Leino Mark Mancari John-Michael Liles John Erskine
Last Minutes Defensive
Center Left Wing Right Wing Defense Defense
Steven Reinprecht Ville Leino Mark Mancari John-Michael Liles John Erskine
Goaltenders
Starting : Semyon Varlamov
Backup : Jhonas Enroth
Extra Forwards
Normal : Derek Dorsett, Kyle Turris, John Lammers - PP : Derek Dorsett, Kyle Turris - PK : John Lammers
Extra Defensemen
Normal : Steven Kampfer, Mike Funk, Mattias Ekholm - PP : Steven Kampfer - PK : Mike Funk, Mattias Ekholm
Penalty Shots
Steven Reinprecht, Ville Leino, Mark Mancari, Vojtech Polak, Brandon Sutter
Staline
5 vs 5 Forward
Center Left Wing Right Wing Time % Phy DF OF
1 Andrei Loktionov Pierre-Luc Létourneau Devin Setoguchi 40 1 2 2
2 Peter Mueller Mason Raymond Cam Janssen 30 1 2 2
3 Mathieu Perreault Nick Spaling J.T. Wyman 20 1 2 2
4 Cody Eakin James Sheppard Jared Boll 10 1 2 2
5 vs 5 Defense
Defense Defense Time % Phy DF OF
1 Stu Bickel Keith Aulie 40 1 2 2
2 Theo Peckham Tyler Cuma 30 1 2 2
3 Michael Del Zotto Torey Krug 28 1 2 2
4 Stu Bickel Keith Aulie 2 1 2 2
PowerPlay Forward
Center Left Wing Right Wing Time % Phy DF OF
1 Andrei Loktionov Pierre-Luc Létourneau Devin Setoguchi 60 1 2 2
2 Peter Mueller Mason Raymond Cam Janssen 40 1 2 2
PowerPlay Defense
Defense Defense Time % Phy DF OF
1 Michael Del Zotto Torey Krug 60 1 2 2
2 Theo Peckham Tyler Cuma 40 1 2 2
Penalty Kill 4 Players Forward
Center Wing Time % Phy DF OF
1 Andrei Loktionov Pierre-Luc Létourneau 60 1 2 2
2 Mathieu Perreault Mason Raymond 40 1 2 2
Penalty Kill 4 Players Defense
Defense Defense Time % Phy DF OF
1 Stu Bickel Keith Aulie 60 1 2 2
2 Theo Peckham Tyler Cuma 40 1 2 2
Penalty Kill - 3 Players Forward
Forward Time % Phy DF OF
1 Andrei Loktionov 60 1 2 2
2 Mathieu Perreault 40 1 2 2
Penalty Kill - 3 Players Defense
Defense Defense Time % Phy DF OF
1 Stu Bickel Keith Aulie 60 1 2 2
2 Theo Peckham Tyler Cuma 40 1 2 2
4 vs 4 Forward
Center Wing Time % Phy DF OF
1 Andrei Loktionov Pierre-Luc Létourneau 60 1 2 2
2 Peter Mueller Cam Janssen 40 1 2 2
4 vs 4 Defense
Defense Defense Time % Phy DF OF
1 Stu Bickel Keith Aulie 60 1 2 2
2 Theo Peckham Tyler Cuma 40 1 2 2
Last Minutes Offensive
Center Left Wing Right Wing Defense Defense
Andrei Loktionov Pierre-Luc Létourneau Devin Setoguchi Stu Bickel Keith Aulie
Last Minutes Defensive
Center Left Wing Right Wing Defense Defense
Andrei Loktionov Pierre-Luc Létourneau Devin Setoguchi Stu Bickel Keith Aulie
Goaltenders
Starting : Tobias Stephan
Backup : Martin Houle
Extra Forwards
Normal : J.T. Wyman, Jared Boll, Nick Spaling - PP : J.T. Wyman, Jared Boll - PK : Nick Spaling
Extra Defensemen
Normal : Michael Del Zotto, Torey Krug, Theo Peckham - PP : Keith Aulie - PK : Torey Krug, Theo Peckham
Penalty Shots
Devin Setoguchi, Pierre-Luc Létourneau, Cam Janssen, Andrei Loktionov, Mason Raymond
% Time on Ice - Sewer Rats
Lines # - Real PCT - Wanted PCT - Time Play
Normal Forward
1 - 41% - 40% - 23:05
2 - 23% - 30% - 12:58
3 - 20% - 20% - 11:03
4 - 17% - 10% - 9:31
Normal Defense
1 - 42% - 40% - 23:58
2 - 27% - 30% - 15:26
3 - 20% - 20% - 11:19
4 - 10% - 10% - 5:54
PP Forward
1 - 49% - 60% - 1:17
2 - 51% - 40% - 1:19
PP Defense
1 - 52% - 60% - 1:21
2 - 48% - 40% - 1:15
PK Forward
1 - 100% - 60% - 0:45
2 - 0% - 40% - 0:00
PK Defense
1 - 73% - 60% - 0:33
2 - 27% - 40% - 0:12
PK3 Forward
1 - 0% - 60%
2 - 0% - 40%
PK3 Defense
1 - 0% - 60%
2 - 0% - 40%
44 Forward
1 - 0% - 60%
2 - 0% - 40%
44 Defense
1 - 0% - 60%
2 - 0% - 40%
Last Minute Offensive - 0:00
Last Minute Defensive - 0:02
Total
Forward - 60:00
Defense - 60:00
|
% Time on Ice - Staline
Lines # - Real PCT - Wanted PCT - Time Play
Normal Forward
1 - 36% - 40% - 20:26
2 - 25% - 30% - 14:14
3 - 26% - 20% - 14:32
4 - 13% - 10% - 7:25
Normal Defense
1 - 44% - 40% - 24:52
2 - 29% - 30% - 16:18
3 - 26% - 28% - 14:28
4 - 2% - 2% - 0:59
PP Forward
1 - 64% - 60% - 0:29
2 - 36% - 40% - 0:16
PP Defense
1 - 100% - 60% - 0:45
2 - 0% - 40% - 0:00
PK Forward
1 - 85% - 60% - 2:12
2 - 15% - 40% - 0:24
PK Defense
1 - 70% - 60% - 1:49
2 - 30% - 40% - 0:47
PK3 Forward
1 - 0% - 60%
2 - 0% - 40%
PK3 Defense
1 - 0% - 60%
2 - 0% - 40%
44 Forward
1 - 0% - 60%
2 - 0% - 40%
44 Defense
1 - 0% - 60%
2 - 0% - 40%
Last Minute Offensive - 0:02
Last Minute Defensive - 0:00
Total
Forward - 60:00
Defense - 60:00
|
Play by Play
1st period
0:01 of 1st period - Steven Reinprecht wins face-off versus Pierre-Luc Létourneau in neutral zone.
0:04 of 1st period - Stu Bickel is hit by Ville Leino and loses puck.
0:35 of 1st period - Wrist shot by Mason Raymond.
0:35 of 1st period - Shot Misses the Net.
0:45 of 1st period - Snap shot by Kyle Quincey.
0:45 of 1st period - Shot Blocked by Theo Peckham.
0:47 of 1st period - Slapshot by Kyle Turris.
0:47 of 1st period - Stopped by Tobias Stephan without a rebound.
0:48 of 1st period - Kyle Turris wins face-off versus Mathieu Perreault in Staline zone.
1:01 of 1st period - Snap shot by John Lammers.
1:01 of 1st period - Shot Blocked by Theo Peckham.
2:13 of 1st period - Backhand shot by Nick Palmieri.
2:13 of 1st period - Shot Misses the Net.
2:25 of 1st period - Wrist shot by Devin Setoguchi.
2:25 of 1st period - Deflect By Kyle Turris.
2:25 of 1st period - Stopped by Semyon Varlamov with a rebound.
2:27 of 1st period - Snap shot by Andrei Loktionov.
2:27 of 1st period - Stopped by Semyon Varlamov with a rebound.
2:43 of 1st period - Keith Aulie is hit by Steven Reinprecht.
2:49 of 1st period - Snap shot by Steven Reinprecht.
2:49 of 1st period - Deflect By Mark Mancari.
2:49 of 1st period - Stopped by Tobias Stephan without a rebound.
2:50 of 1st period - Peter Mueller wins face-off versus Steven Reinprecht in Staline zone.
2:55 of 1st period - Snap shot by Mason Raymond.
2:55 of 1st period - Shot Misses the Net.
2:57 of 1st period - Slapshot by Peter Mueller.
2:57 of 1st period - Stopped by Semyon Varlamov with a rebound.
3:35 of 1st period - Slapshot by Devin Setoguchi.
3:35 of 1st period - Shot Misses the Net.
3:37 of 1st period - Slapshot by Keith Aulie.
3:37 of 1st period - Stopped by Semyon Varlamov without a rebound.
3:38 of 1st period - Mathieu Perreault wins face-off versus Kyle Turris in Sewer Rats zone.
3:43 of 1st period - Snap shot by Nick Spaling.
3:43 of 1st period - Shot Misses the Net.
4:37 of 1st period - Slapshot by John-Michael Liles.
4:37 of 1st period - Deflect By Lars Eller.
4:37 of 1st period - Shot Misses the Net.
4:37 of 1st period - Puck is out of play.
4:38 of 1st period - Peter Mueller wins face-off versus Brandon Sutter in Staline zone.
4:50 of 1st period - Snap shot by Keith Aulie.
4:50 of 1st period - Stopped by Semyon Varlamov with a rebound.
4:52 of 1st period - Wrist shot by Keith Aulie.
4:52 of 1st period - Shot Misses the Net.
4:54 of 1st period - Snap shot by Mason Raymond.
4:54 of 1st period - Shot Blocked by Matt Lashoff.
5:04 of 1st period - Keith Aulie is hit by Steven Reinprecht and loses puck.
5:09 of 1st period - Wrist shot by Steven Reinprecht.
5:09 of 1st period - Stopped by Tobias Stephan with a rebound.
5:11 of 1st period - Slapshot by John-Michael Liles.
5:11 of 1st period - Shot Misses the Net.
5:13 of 1st period - Wrist shot by Ville Leino.
5:13 of 1st period - Shot Misses the Net.
5:15 of 1st period - Slapshot by John Erskine.
5:15 of 1st period - Shot Blocked by Stu Bickel.
5:25 of 1st period - Slapshot by Keith Aulie.
5:25 of 1st period - Shot Blocked by Lars Eller.
5:27 of 1st period - Backhand shot by J.T. Wyman.
5:27 of 1st period - Stopped by Semyon Varlamov with a rebound.
5:29 of 1st period - Snap shot by J.T. Wyman.
5:29 of 1st period - Deflect By Mathieu Perreault.
5:29 of 1st period - Stopped by Semyon Varlamov with a rebound.
5:35 of 1st period - Slapshot by Nick Spaling.
5:35 of 1st period - Shot Misses the Net.
5:44 of 1st period - Off-side.
5:45 of 1st period - Kyle Turris wins face-off versus Andrei Loktionov in neutral zone.
5:48 of 1st period - Backhand shot by Kyle Quincey.
5:48 of 1st period - Shot Misses the Net.
7:40 of 1st period - Mason Raymond is hit by John-Michael Liles and loses puck.
7:57 of 1st period - Theo Peckham is hit by Derek Dorsett and loses puck.
8:24 of 1st period - Jared Boll is hit by Patrick Bordeleau and loses puck.
9:09 of 1st period - Slapshot by Lars Eller.
9:09 of 1st period - Shot Blocked by Andrei Loktionov.
9:11 of 1st period - Wrist shot by Matt Lashoff.
9:11 of 1st period - Deflect By Devin Setoguchi.
9:11 of 1st period - Stopped by Tobias Stephan without a rebound.
9:12 of 1st period - Steven Reinprecht wins face-off versus Andrei Loktionov in Staline zone.
9:24 of 1st period - Steven Reinprecht is hit by Pierre-Luc Létourneau and loses puck.
9:37 of 1st period - Snap shot by Brandon Sutter.
9:37 of 1st period - Stopped by Tobias Stephan without a rebound.
9:38 of 1st period - Vojtech Polak wins face-off versus Peter Mueller in Staline zone.
9:41 of 1st period - Wrist shot by Brandon Sutter.
9:41 of 1st period - Stopped by Tobias Stephan with a rebound.
9:53 of 1st period - Snap shot by Brandon Sutter.
9:53 of 1st period - Deflect By Nick Palmieri.
9:53 of 1st period - Shot Blocked by Keith Aulie.
9:53 of 1st period - Puck is out of play.
9:54 of 1st period - Ville Leino wins face-off versus Pierre-Luc Létourneau in Staline zone.
10:50 of 1st period - Minor Penalty to Keith Aulie for Boarding.
10:51 of 1st period - Pierre-Luc Létourneau wins face-off versus Steven Reinprecht in Staline zone.
11:17 of 1st period - Andrei Loktionov is hit by Nick Palmieri.
11:25 of 1st period - Wrist shot by Nick Palmieri.
11:25 of 1st period - Shot Blocked by Torey Krug.
11:27 of 1st period - Backhand shot by John Erskine.
11:27 of 1st period - Goal by John Erskine - Sewer Rats : 1 - Staline : 0.
11:28 of 1st period - Steven Reinprecht wins face-off versus Peter Mueller in neutral zone.
11:31 of 1st period - Slapshot by John-Michael Liles.
11:31 of 1st period - Shot Misses the Net.
11:33 of 1st period - Slapshot by John Erskine.
11:33 of 1st period - Shot Misses the Net.
11:35 of 1st period - Snap shot by Steven Reinprecht.
11:35 of 1st period - Stopped by Tobias Stephan without a rebound.
11:36 of 1st period - Steven Reinprecht wins face-off versus Peter Mueller in Staline zone.
12:10 of 1st period - Wrist shot by Andrei Loktionov.
12:10 of 1st period - Deflect By Nick Palmieri.
12:10 of 1st period - Shot Misses the Net.
12:10 of 1st period - Puck is out of play.
12:11 of 1st period - Mathieu Perreault wins face-off versus Steven Reinprecht in Sewer Rats zone.
12:16 of 1st period - Wrist shot by Nick Spaling.
12:16 of 1st period - Shot Misses the Net.
12:47 of 1st period - Vojtech Polak is hit by Andrei Loktionov and loses puck.
13:06 of 1st period - Snap shot by Derek Dorsett.
13:06 of 1st period - Shot Misses the Net.
13:44 of 1st period - Wrist shot by J.T. Wyman.
13:44 of 1st period - Stopped by Semyon Varlamov with a rebound.
13:55 of 1st period - Off-side.
13:56 of 1st period - Brandon Sutter wins face-off versus Andrei Loktionov in neutral zone.
14:05 of 1st period - Wrist shot by Nick Palmieri.
14:05 of 1st period - Shot Blocked by Tyler Cuma.
14:29 of 1st period - Icing by Ville Leino.
14:30 of 1st period - Peter Mueller wins face-off versus Steven Reinprecht in Sewer Rats zone.
14:31 of 1st period - Wrist shot by Cam Janssen.
14:31 of 1st period - Shot Misses the Net.
14:57 of 1st period - Wrist shot by Steven Reinprecht.
14:57 of 1st period - Deflect By Mark Mancari.
14:57 of 1st period - Stopped by Tobias Stephan with a rebound.
14:59 of 1st period - Slapshot by Steven Reinprecht.
14:59 of 1st period - Shot Misses the Net.
15:01 of 1st period - Slapshot by Mattias Ekholm.
15:01 of 1st period - Deflect By Mark Mancari.
15:01 of 1st period - Goal by Mark Mancari - Sewer Rats : 2 - Staline : 0.
15:02 of 1st period - Brandon Sutter wins face-off versus Andrei Loktionov in neutral zone.
15:05 of 1st period - Wrist shot by Nick Palmieri.
15:05 of 1st period - Stopped by Tobias Stephan without a rebound.
15:06 of 1st period - Brandon Sutter wins face-off versus Andrei Loktionov in Staline zone.
15:13 of 1st period - Snap shot by Nick Palmieri.
15:13 of 1st period - Stopped by Tobias Stephan with a rebound.
15:23 of 1st period - Nick Palmieri is hit by Pierre-Luc Létourneau and loses puck.
16:05 of 1st period - Wrist shot by Kyle Turris.
16:05 of 1st period - Shot Blocked by Peter Mueller.
16:15 of 1st period - Lars Eller is hit by Theo Peckham and loses puck.
16:44 of 1st period - Snap shot by Devin Setoguchi.
16:44 of 1st period - Shot Misses the Net.
16:48 of 1st period - Slapshot by Pierre-Luc Létourneau.
16:48 of 1st period - Shot Blocked by Nick Palmieri.
16:58 of 1st period - Snap shot by Nick Palmieri.
16:58 of 1st period - Stopped by Tobias Stephan with a rebound.
17:08 of 1st period - Snap shot by J.T. Wyman.
17:08 of 1st period - Stopped by Semyon Varlamov without a rebound.
17:09 of 1st period - Steven Reinprecht wins face-off versus Andrei Loktionov in Sewer Rats zone.
17:21 of 1st period - Slapshot by Steven Reinprecht.
17:21 of 1st period - Stopped by Tobias Stephan without a rebound.
17:22 of 1st period - Steven Reinprecht wins face-off versus Andrei Loktionov in Staline zone.
17:23 of 1st period - Wrist shot by Ville Leino.
17:23 of 1st period - Shot Blocked by Keith Aulie.
17:31 of 1st period - Mark Mancari is hit by Pierre-Luc Létourneau and loses puck.
18:27 of 1st period - James Sheppard is hit by Lars Eller and loses puck.
19:01 of 1st period - Mike Funk is hit by Andrei Loktionov.
19:16 of 1st period - Wrist shot by Jordan Caron.
19:16 of 1st period - Shot Misses the Net.
19:18 of 1st period - Slapshot by Mike Funk.
19:18 of 1st period - Shot Blocked by Torey Krug.
19:22 of 1st period - Backhand shot by Patrick Bordeleau.
19:22 of 1st period - Stopped by Tobias Stephan without a rebound.
19:23 of 1st period - Peter Mueller wins face-off versus Steven Reinprecht in Staline zone.
19:32 of 1st period - Cam Janssen is hit by Steven Reinprecht and loses puck.
Goals for this period are 2 for Sewer Rats vs 0 for Staline.
Shots for this period are 15 for Sewer Rats vs 9 for Staline.
2nd period
0:01 of 2nd period - Andrei Loktionov wins face-off versus Steven Reinprecht in neutral zone.
0:10 of 2nd period - Snap shot by Devin Setoguchi.
0:10 of 2nd period - Shot Misses the Net.
0:27 of 2nd period - Off-side.
0:28 of 2nd period - Peter Mueller wins face-off versus Brandon Sutter in neutral zone.
0:33 of 2nd period - Wrist shot by Peter Mueller.
0:33 of 2nd period - Stopped by Semyon Varlamov without a rebound.
0:34 of 2nd period - Steven Reinprecht wins face-off versus Andrei Loktionov in Sewer Rats zone.
0:41 of 2nd period - Snap shot by Mark Mancari.
0:41 of 2nd period - Stopped by Tobias Stephan with a rebound.
1:31 of 2nd period - Wrist shot by Nick Spaling.
1:31 of 2nd period - Shot Blocked by John Lammers.
1:41 of 2nd period - Snap shot by Jordan Caron.
1:41 of 2nd period - Stopped by Tobias Stephan without a rebound.
1:42 of 2nd period - Cody Eakin wins face-off versus Lars Eller in Staline zone.
2:29 of 2nd period - Patrick Bordeleau is hit by Stu Bickel and loses puck.
3:04 of 2nd period - Slapshot by Steven Kampfer.
3:04 of 2nd period - Stopped by Tobias Stephan without a rebound.
3:05 of 2nd period - Andrei Loktionov wins face-off versus Steven Reinprecht in Staline zone.
3:12 of 2nd period - Slapshot by Andrei Loktionov.
3:12 of 2nd period - Shot Misses the Net.
3:22 of 2nd period - Off-side.
3:23 of 2nd period - Peter Mueller wins face-off versus Brandon Sutter in neutral zone.
3:52 of 2nd period - Snap shot by Pierre-Luc Létourneau.
3:52 of 2nd period - Stopped by Semyon Varlamov with a rebound.
4:32 of 2nd period - Wrist shot by Peter Mueller.
4:32 of 2nd period - Stopped by Semyon Varlamov with a rebound.
4:42 of 2nd period - Snap shot by Mark Mancari.
4:42 of 2nd period - Shot Blocked by Keith Aulie.
5:14 of 2nd period - Cam Janssen is hit by Steven Reinprecht and loses puck.
5:31 of 2nd period - Pierre-Luc Létourneau is hit by Patrick Bordeleau.
5:45 of 2nd period - Wrist shot by Vojtech Polak.
5:45 of 2nd period - Goal by Vojtech Polak - Sewer Rats : 3 - Staline : 0.
5:46 of 2nd period - Ville Leino wins face-off versus Andrei Loktionov in neutral zone.
7:10 of 2nd period - Lars Eller is hit by Pierre-Luc Létourneau and loses puck.
8:01 of 2nd period - Slapshot by Steven Kampfer.
8:01 of 2nd period - Deflect By Jordan Caron.
8:01 of 2nd period - Stopped by Tobias Stephan with a rebound.
8:03 of 2nd period - Slapshot by Mike Funk.
8:03 of 2nd period - Shot Blocked by James Sheppard.
8:05 of 2nd period - Slapshot by Mike Funk.
8:05 of 2nd period - Deflect By Jordan Caron.
8:05 of 2nd period - Shot Blocked by James Sheppard.
8:05 of 2nd period - Puck is out of play.
8:06 of 2nd period - Pierre-Luc Létourneau wins face-off versus Steven Reinprecht in Staline zone.
8:17 of 2nd period - Snap shot by Pierre-Luc Létourneau.
8:17 of 2nd period - Shot Blocked by Ville Leino.
8:19 of 2nd period - Slapshot by Torey Krug.
8:19 of 2nd period - Stopped by Semyon Varlamov with a rebound.
8:21 of 2nd period - Slapshot by Devin Setoguchi.
8:21 of 2nd period - Shot Misses the Net.
8:38 of 2nd period - Wrist shot by Mark Mancari.
8:38 of 2nd period - Shot Blocked by Michael Del Zotto.
8:40 of 2nd period - Snap shot by Ville Leino.
8:40 of 2nd period - Shot Misses the Net.
8:42 of 2nd period - Wrist shot by Ville Leino.
8:42 of 2nd period - Shot Misses the Net.
8:58 of 2nd period - Slapshot by Steven Reinprecht.
8:58 of 2nd period - Shot Hit the Post.
9:00 of 2nd period - Snap shot by Steven Reinprecht.
9:00 of 2nd period - Stopped by Tobias Stephan with a rebound.
9:02 of 2nd period - Wrist shot by Steven Reinprecht.
9:02 of 2nd period - Shot Misses the Net.
9:04 of 2nd period - Snap shot by Steven Reinprecht.
9:04 of 2nd period - Shot Misses the Net.
9:06 of 2nd period - Slapshot by Chad Denny.
9:06 of 2nd period - Shot Misses the Net.
9:22 of 2nd period - Snap shot by Steven Reinprecht.
9:22 of 2nd period - Stopped by Tobias Stephan with a rebound.
9:24 of 2nd period - Backhand shot by Mark Mancari.
9:24 of 2nd period - Shot Misses the Net.
9:26 of 2nd period - Slapshot by Steven Reinprecht.
9:26 of 2nd period - Stopped by Tobias Stephan with a rebound.
9:36 of 2nd period - Wrist shot by Steven Reinprecht.
9:36 of 2nd period - Shot Blocked by J.T. Wyman.
9:44 of 2nd period - Wrist shot by Mark Mancari.
9:44 of 2nd period - Deflect By Ville Leino.
9:44 of 2nd period - Stopped by Tobias Stephan with a rebound.
9:50 of 2nd period - Slapshot by Steven Reinprecht.
9:50 of 2nd period - Deflect By Ville Leino.
9:50 of 2nd period - Shot Misses the Net.
9:50 of 2nd period - Puck is out of play.
9:51 of 2nd period - Brandon Sutter wins face-off versus Andrei Loktionov in Staline zone.
10:05 of 2nd period - Off-side.
10:06 of 2nd period - Peter Mueller wins face-off versus Kyle Turris in neutral zone.
10:06 of 2nd period - Mason Raymond and John Lammers fight to a draw.
10:06 of 2nd period - Penalty to Mason Raymond for Fighting.
10:06 of 2nd period - Penalty to John Lammers for Fighting.
10:07 of 2nd period - Andrei Loktionov wins face-off versus Brandon Sutter in neutral zone.
10:20 of 2nd period - Slapshot by Vojtech Polak.
10:20 of 2nd period - Deflect By Nick Palmieri.
10:20 of 2nd period - Shot Blocked by Stu Bickel.
10:20 of 2nd period - Puck is out of play.
10:21 of 2nd period - Peter Mueller wins face-off versus Kyle Turris in Staline zone.
10:21 of 2nd period - Peter Mueller is hit by Ville Leino.
10:27 of 2nd period - Snap shot by Peter Mueller.
10:27 of 2nd period - Stopped by Semyon Varlamov with a rebound.
10:29 of 2nd period - Wrist shot by Keith Aulie.
10:29 of 2nd period - Shot Misses the Net.
10:33 of 2nd period - Wrist shot by Cam Janssen.
10:33 of 2nd period - Stopped by Semyon Varlamov with a rebound.
10:35 of 2nd period - Slapshot by Stu Bickel.
10:35 of 2nd period - Shot Blocked by Kyle Turris.
10:37 of 2nd period - Wrist shot by Cam Janssen.
10:37 of 2nd period - Shot Misses the Net.
10:47 of 2nd period - Keith Aulie is hit by Vojtech Polak and loses puck.
10:54 of 2nd period - Snap shot by Vojtech Polak.
10:54 of 2nd period - Stopped by Tobias Stephan with a rebound.
10:56 of 2nd period - Snap shot by Nick Palmieri.
10:56 of 2nd period - Stopped by Tobias Stephan with a rebound.
10:58 of 2nd period - Snap shot by Vojtech Polak.
10:58 of 2nd period - Shot Misses the Net.
11:00 of 2nd period - Slapshot by John Erskine.
11:00 of 2nd period - Deflect By Vojtech Polak.
11:00 of 2nd period - Shot Misses the Net.
11:00 of 2nd period - Puck is out of play.
11:01 of 2nd period - Kyle Turris wins face-off versus Peter Mueller in Staline zone.
11:59 of 2nd period - Minor Penalty to Vojtech Polak for Cross-checking.
12:00 of 2nd period - Andrei Loktionov wins face-off versus Steven Reinprecht in Sewer Rats zone.
12:03 of 2nd period - Slapshot by Pierre-Luc Létourneau.
12:03 of 2nd period - Stopped by Semyon Varlamov without a rebound.
12:04 of 2nd period - Steven Reinprecht wins face-off versus Pierre-Luc Létourneau in Sewer Rats zone.
12:32 of 2nd period - Icing by J.T. Wyman.
12:33 of 2nd period - Steven Reinprecht wins face-off versus Peter Mueller in Staline zone.
12:44 of 2nd period - Wrist shot by Andrei Loktionov.
12:44 of 2nd period - Goal by Andrei Loktionov - Sewer Rats : 3 - Staline : 1.
12:45 of 2nd period - Steven Reinprecht wins face-off versus Andrei Loktionov in neutral zone.
12:56 of 2nd period - Snap shot by Steven Reinprecht.
12:56 of 2nd period - Stopped by Tobias Stephan without a rebound.
12:57 of 2nd period - Steven Reinprecht wins face-off versus Devin Setoguchi in Staline zone.
13:08 of 2nd period - Snap shot by Steven Reinprecht.
13:08 of 2nd period - Deflect By Ville Leino.
13:08 of 2nd period - Stopped by Tobias Stephan with a rebound.
13:22 of 2nd period - Peter Mueller is hit by Vojtech Polak and loses puck.
13:53 of 2nd period - Jared Boll is hit by Ville Leino and loses puck.
14:32 of 2nd period - Snap shot by Mathieu Perreault.
14:32 of 2nd period - Goal by Mathieu Perreault - Sewer Rats : 3 - Staline : 2.
14:33 of 2nd period - Steven Reinprecht wins face-off versus Andrei Loktionov in neutral zone.
14:40 of 2nd period - Wrist shot by Ville Leino.
14:40 of 2nd period - Stopped by Tobias Stephan without a rebound.
14:41 of 2nd period - Andrei Loktionov wins face-off versus Steven Reinprecht in Staline zone.
15:11 of 2nd period - Snap shot by Mark Mancari.
15:11 of 2nd period - Shot Misses the Net.
15:13 of 2nd period - Slapshot by John-Michael Liles.
15:13 of 2nd period - Shot Blocked by Keith Aulie.
15:35 of 2nd period - Snap shot by Steven Reinprecht.
15:35 of 2nd period - Stopped by Tobias Stephan without a rebound.
15:36 of 2nd period - Peter Mueller wins face-off versus Brandon Sutter in Staline zone.
15:38 of 2nd period - Minor Penalty to Michael Del Zotto for Hooking.
15:39 of 2nd period - Andrei Loktionov wins face-off versus Brandon Sutter in Staline zone.
16:24 of 2nd period - Snap shot by Mason Raymond.
16:24 of 2nd period - Deflect By Nick Spaling.
16:24 of 2nd period - Stopped by Semyon Varlamov without a rebound.
16:25 of 2nd period - Steven Reinprecht wins face-off versus Nick Spaling in Sewer Rats zone.
16:32 of 2nd period - Wrist shot by Ville Leino.
16:32 of 2nd period - Deflect By Mark Mancari.
16:32 of 2nd period - Shot Misses the Net.
16:32 of 2nd period - Puck is out of play.
16:33 of 2nd period - Steven Reinprecht wins face-off versus Andrei Loktionov in Staline zone.
16:42 of 2nd period - Slapshot by Ville Leino.
16:42 of 2nd period - Deflect By Steven Reinprecht.
16:42 of 2nd period - Stopped by Tobias Stephan with a rebound.
16:44 of 2nd period - Wrist shot by Mark Mancari.
16:44 of 2nd period - Shot Misses the Net.
16:48 of 2nd period - Snap shot by Steven Reinprecht.
16:48 of 2nd period - Stopped by Tobias Stephan with a rebound.
17:01 of 2nd period - Off-side.
17:02 of 2nd period - Brandon Sutter wins face-off versus Mason Raymond in neutral zone.
17:22 of 2nd period - Snap shot by Nick Palmieri.
17:22 of 2nd period - Deflect By Vojtech Polak.
17:22 of 2nd period - Shot Misses the Net.
17:22 of 2nd period - Puck is out of play.
17:23 of 2nd period - Steven Reinprecht wins face-off versus Andrei Loktionov in Staline zone.
17:38 of 2nd period - Penalty to Michael Del Zotto is over, Michael Del Zotto is back on ice.
17:57 of 2nd period - Wrist shot by Vojtech Polak.
17:57 of 2nd period - Goal by Vojtech Polak - Sewer Rats : 4 - Staline : 2.
17:58 of 2nd period - Ville Leino wins face-off versus Peter Mueller in neutral zone.
18:50 of 2nd period - Torey Krug is hit by Derek Dorsett and loses puck.
19:09 of 2nd period - Wrist shot by Lars Eller.
19:09 of 2nd period - Stopped by Tobias Stephan with a rebound.
19:17 of 2nd period - Wrist shot by Jordan Caron.
19:17 of 2nd period - Deflect By Lars Eller.
19:17 of 2nd period - Stopped by Tobias Stephan without a rebound.
19:18 of 2nd period - Steven Reinprecht wins face-off versus Peter Mueller in Staline zone.
Goals for this period are 2 for Sewer Rats vs 2 for Staline.
Shots for this period are 20 for Sewer Rats vs 10 for Staline.
3rd period
0:01 of 3rd period - Steven Reinprecht wins face-off versus Peter Mueller in neutral zone.
0:04 of 3rd period - Mason Raymond is hit by John-Michael Liles and loses puck.
0:55 of 3rd period - Wrist shot by Derek Dorsett.
0:55 of 3rd period - Shot Misses the Net.
1:01 of 3rd period - Snap shot by Derek Dorsett.
1:01 of 3rd period - Stopped by Tobias Stephan without a rebound.
1:02 of 3rd period - Peter Mueller wins face-off versus Steven Reinprecht in Staline zone.
1:02 of 3rd period - Peter Mueller is hit by Matt Lashoff.
1:08 of 3rd period - Peter Mueller is hit by Kyle Quincey and loses puck.
1:13 of 3rd period - Wrist shot by Steven Reinprecht.
1:13 of 3rd period - Shot Misses the Net.
1:17 of 3rd period - Snap shot by Steven Reinprecht.
1:17 of 3rd period - Shot Misses the Net.
1:35 of 3rd period - Mike Funk is hit by Pierre-Luc Létourneau.
1:56 of 3rd period - Slapshot by Brandon Sutter.
1:56 of 3rd period - Shot Blocked by Nick Spaling.
1:58 of 3rd period - Snap shot by Nick Palmieri.
1:58 of 3rd period - Goal by Nick Palmieri - Sewer Rats : 5 - Staline : 2.
1:59 of 3rd period - Andrei Loktionov wins face-off versus Steven Reinprecht in neutral zone.
2:07 of 3rd period - Off-side.
2:08 of 3rd period - Andrei Loktionov wins face-off versus Steven Reinprecht in neutral zone.
2:20 of 3rd period - Snap shot by Steven Reinprecht.
2:20 of 3rd period - Shot Blocked by Stu Bickel.
2:22 of 3rd period - Slapshot by Matt Lashoff.
2:22 of 3rd period - Stopped by Tobias Stephan without a rebound.
2:23 of 3rd period - Peter Mueller wins face-off versus Brandon Sutter in Staline zone.
2:28 of 3rd period - Mason Raymond is hit by Brandon Sutter and loses puck.
2:59 of 3rd period - Slapshot by Derek Dorsett.
2:59 of 3rd period - Shot Misses the Net.
3:23 of 3rd period - Backhand shot by Steven Reinprecht.
3:23 of 3rd period - Stopped by Tobias Stephan with a rebound.
3:53 of 3rd period - Slapshot by Keith Aulie.
3:53 of 3rd period - Stopped by Semyon Varlamov with a rebound.
4:00 of 3rd period - Off-side.
4:01 of 3rd period - Pierre-Luc Létourneau wins face-off versus Steven Reinprecht in neutral zone.
4:16 of 3rd period - Wrist shot by Andrei Loktionov.
4:16 of 3rd period - Stopped by Semyon Varlamov without a rebound.
4:17 of 3rd period - Brandon Sutter wins face-off versus Peter Mueller in Sewer Rats zone.
4:28 of 3rd period - Wrist shot by Cam Janssen.
4:28 of 3rd period - Shot Blocked by Kyle Quincey.
4:42 of 3rd period - Matt Lashoff is hit by Pierre-Luc Létourneau and loses puck.
5:43 of 3rd period - Wrist shot by Pierre-Luc Létourneau.
5:43 of 3rd period - Stopped by Semyon Varlamov with a rebound.
5:45 of 3rd period - Snap shot by Devin Setoguchi.
5:45 of 3rd period - Stopped by Semyon Varlamov without a rebound.
5:46 of 3rd period - Steven Reinprecht wins face-off versus Andrei Loktionov in Sewer Rats zone.
6:07 of 3rd period - Devin Setoguchi is hit by Ville Leino and loses puck.
6:19 of 3rd period - Slapshot by Michael Del Zotto.
6:19 of 3rd period - Shot Misses the Net.
6:21 of 3rd period - Snap shot by Devin Setoguchi.
6:21 of 3rd period - Shot Misses the Net.
6:23 of 3rd period - Slapshot by Torey Krug.
6:23 of 3rd period - Deflect By Mark Mancari.
6:23 of 3rd period - Stopped by Semyon Varlamov with a rebound.
6:45 of 3rd period - Snap shot by Devin Setoguchi.
6:45 of 3rd period - Shot Misses the Net.
6:47 of 3rd period - Slapshot by Devin Setoguchi.
6:47 of 3rd period - Goal by Devin Setoguchi - Sewer Rats : 5 - Staline : 3.
6:48 of 3rd period - Brandon Sutter wins face-off versus Peter Mueller in neutral zone.
7:03 of 3rd period - Icing by Tyler Cuma.
7:04 of 3rd period - Kyle Turris wins face-off versus Peter Mueller in Staline zone.
7:07 of 3rd period - Snap shot by John Lammers.
7:07 of 3rd period - Stopped by Tobias Stephan without a rebound.
7:08 of 3rd period - Kyle Turris wins face-off versus Peter Mueller in Staline zone.
7:09 of 3rd period - Slapshot by John Lammers.
7:09 of 3rd period - Stopped by Tobias Stephan with a rebound.
7:11 of 3rd period - Snap shot by John Lammers.
7:11 of 3rd period - Stopped by Tobias Stephan without a rebound.
7:12 of 3rd period - Kyle Turris wins face-off versus Peter Mueller in Staline zone.
8:35 of 3rd period - Snap shot by Andrei Loktionov.
8:35 of 3rd period - Stopped by Semyon Varlamov with a rebound.
9:18 of 3rd period - Snap shot by Devin Setoguchi.
9:18 of 3rd period - Shot Misses the Net.
9:38 of 3rd period - Snap shot by Derek Dorsett.
9:38 of 3rd period - Shot Misses the Net.
9:40 of 3rd period - Slapshot by Mike Funk.
9:40 of 3rd period - Stopped by Tobias Stephan with a rebound.
9:42 of 3rd period - Snap shot by Derek Dorsett.
9:42 of 3rd period - Shot Blocked by Keith Aulie.
9:44 of 3rd period - Slapshot by Mike Funk.
9:44 of 3rd period - Deflect By Andrei Loktionov.
9:44 of 3rd period - Stopped by Tobias Stephan without a rebound.
9:45 of 3rd period - Steven Reinprecht wins face-off versus Cam Janssen in Staline zone.
9:52 of 3rd period - Snap shot by Cam Janssen.
9:52 of 3rd period - Shot Misses the Net.
9:54 of 3rd period - Snap shot by Mason Raymond.
9:54 of 3rd period - Stopped by Semyon Varlamov without a rebound.
9:55 of 3rd period - Steven Reinprecht wins face-off versus Peter Mueller in Sewer Rats zone.
9:55 of 3rd period - Steven Reinprecht is hit by Peter Mueller.
10:06 of 3rd period - Snap shot by Theo Peckham.
10:06 of 3rd period - Shot Misses the Net.
10:08 of 3rd period - Snap shot by Tyler Cuma.
10:08 of 3rd period - Stopped by Semyon Varlamov with a rebound.
10:10 of 3rd period - Wrist shot by Peter Mueller.
10:10 of 3rd period - Shot Misses the Net.
10:12 of 3rd period - Snap shot by Peter Mueller.
10:12 of 3rd period - Stopped by Semyon Varlamov with a rebound.
10:32 of 3rd period - Backhand shot by Cam Janssen.
10:32 of 3rd period - Shot Blocked by John Erskine.
10:34 of 3rd period - Slapshot by Tyler Cuma.
10:34 of 3rd period - Stopped by Semyon Varlamov without a rebound.
10:35 of 3rd period - Brandon Sutter wins face-off versus Mathieu Perreault in Sewer Rats zone.
10:35 of 3rd period - Brandon Sutter is hit by Mathieu Perreault.
11:03 of 3rd period - Matt Lashoff is hit by Torey Krug and loses puck.
11:10 of 3rd period - Backhand shot by Jared Boll.
11:10 of 3rd period - Shot Misses the Net.
11:12 of 3rd period - Slapshot by Michael Del Zotto.
11:12 of 3rd period - Deflect By Matt Lashoff.
11:12 of 3rd period - Stopped by Semyon Varlamov with a rebound.
14:11 of 3rd period - Lars Eller is hit by Pierre-Luc Létourneau.
14:26 of 3rd period - Off-side.
14:27 of 3rd period - Mathieu Perreault wins face-off versus Mark Mancari in neutral zone.
14:51 of 3rd period - Stu Bickel is hit by Vojtech Polak and loses puck.
14:58 of 3rd period - Snap shot by Andrei Loktionov.
14:58 of 3rd period - Stopped by Semyon Varlamov without a rebound.
14:59 of 3rd period - Peter Mueller wins face-off versus John Lammers in Sewer Rats zone.
15:00 of 3rd period - Slapshot by Cam Janssen.
15:00 of 3rd period - Shot Misses the Net.
15:02 of 3rd period - Snap shot by Cam Janssen.
15:02 of 3rd period - Stopped by Semyon Varlamov without a rebound.
15:03 of 3rd period - Peter Mueller wins face-off versus Kyle Turris in Sewer Rats zone.
15:08 of 3rd period - Slapshot by Peter Mueller.
15:08 of 3rd period - Shot Blocked by Kyle Quincey.
15:10 of 3rd period - Slapshot by Tyler Cuma.
15:10 of 3rd period - Stopped by Semyon Varlamov with a rebound.
15:12 of 3rd period - Wrist shot by Cam Janssen.
15:12 of 3rd period - Shot Misses the Net.
15:14 of 3rd period - Snap shot by Cam Janssen.
15:14 of 3rd period - Stopped by Semyon Varlamov without a rebound.
15:15 of 3rd period - Mathieu Perreault wins face-off versus Steven Reinprecht in Sewer Rats zone.
15:22 of 3rd period - Slapshot by Mark Mancari.
15:22 of 3rd period - Shot Misses the Net.
15:24 of 3rd period - Snap shot by Mark Mancari.
15:24 of 3rd period - Stopped by Tobias Stephan without a rebound.
15:25 of 3rd period - Mathieu Perreault wins face-off versus Steven Reinprecht in Staline zone.
16:31 of 3rd period - John Erskine is hit by J.T. Wyman and loses puck.
18:07 of 3rd period - Snap shot by Mathieu Perreault.
18:07 of 3rd period - Shot Blocked by Ville Leino.
19:13 of 3rd period - Snap shot by Mark Mancari.
19:13 of 3rd period - Stopped by Tobias Stephan without a rebound.
19:14 of 3rd period - Andrei Loktionov wins face-off versus Derek Dorsett in Staline zone.
19:41 of 3rd period - Backhand shot by Brandon Sutter.
19:41 of 3rd period - Shot Misses the Net.
19:55 of 3rd period - Wrist shot by Andrei Loktionov.
19:55 of 3rd period - Stopped by Semyon Varlamov with a rebound.
19:57 of 3rd period - Snap shot by Pierre-Luc Létourneau.
19:57 of 3rd period - Goal by Pierre-Luc Létourneau - Sewer Rats : 5 - Staline : 4.
19:58 of 3rd period - Andrei Loktionov wins face-off versus Derek Dorsett in neutral zone.
Goals for this period are 1 for Sewer Rats vs 2 for Staline.
Shots for this period are 11 for Sewer Rats vs 18 for Staline.
Output by the SimonT Hockey Simulator (STHS) for François Prévost -- Original Page W3C XHTML 1.0 Valid